 Dungeon Crawl Stone Soup version 0.26-a0-668-gd58323b419 (webtiles) character file.

Game seed: 5021096530693990992

12082 marklar909 the Spear-Bearer (level 12, -6/92 HPs)
             Began as a Formicid Abyssal Knight on Oct 19, 2020.
             Was a High Priest of Lugonu.
             Mangled by Snorg (9 damage)
             ... on level 11 of the Dungeon.
             The game lasted 00:26:11 (18062 turns).

marklar909 the Spear-Bearer (FoAK)                 Turns: 18062, Time: 00:26:11

Health: -6/92      AC: 12    Str: 25    XL:     12   Next: 15%
Magic:  17/17      EV: 14    Int: 12    God:    Lugonu [*****.]
Gold:   54         SH:  6    Dex: 16    Spells: 11/11 levels left

rFire    . . .     SeeInvis +   p - +4 trident (freeze)
rCold    . . .     Faith    .   z - +0 buckler
rNeg     . . .     Spirit   .   g - +1 ring mail of Fortification {rCorr Str+3}
rPois    .         Reflect  .   (helmet unavailable)
rElec    .         Harm     .   C - +0 cloak
rCorr    +         Rampage  .   F - +1 pair of gloves
MR       +....                  b - +0 pair of boots
Stlth    ++........             x - amulet of magic regeneration
HPRegen  0.25/turn              a - ring "Ycves" {+Fly Dex+6}
MPRegen  0.40/turn              w - ring of resist corrosion

@: no status effects
A: permanent stasis, dig shafts and tunnels, four strong arms, antennae 3
a: Dig, Shaft Self, Depart the Abyss, Bend Space, Banish, Corrupt, Enter the
Abyss, Renounce Religion, Evoke Flight


You were on level 11 of the Dungeon.
You worshipped Lugonu.
Lugonu was extremely pleased with you.
You visited 1 branch of the dungeon, and saw 11 of its levels.
You visited the Abyss 1 time.

You collected 502 gold pieces.
You spent 448 gold pieces at shops.

Inventory:

Hand Weapons
 f - a +1 glaive
 p - a +4 trident of freezing (weapon)
Missiles
 o - 29 poisoned darts (quivered)
 r - an atropa-tipped dart
Armour
 b - a +0 pair of boots (worn)
 g - the +1 ring mail of Fortification (worn) {rCorr Str+3}
   (You took it off an orc on level 6 of the Dungeon)

   It affects your strength (+3).
   It provides partial protection from all sources of acid and corrosion.
 z - a +0 buckler (worn)
 C - a +0 cloak (worn)
 F - a +1 pair of gloves (worn)
Jewellery
 a - the ring "Ycves" (left hand) {+Fly Dex+6}
   (You took it off an orc on level 6 of the Dungeon)

   [ring of dexterity]

   It affects your dexterity (+6).
   It lets you fly.
 s - an uncursed ring of ice
 w - a ring of resist corrosion (right hand)
 x - an amulet of magic regeneration (around neck)
 y - the ring of Faudiq {+Blink MR- EV+4 Slay+6, unknown}
   (You bought it in a shop on level 10 of the Dungeon)

   [ring of evasion]

   It affects your evasion (+4).
   It affects your accuracy and damage with ranged weapons and melee attacks
   (+6).
   It affects your resistance to hostile enchantments.
   It lets you blink.
Wands
 t - a wand of enslavement (10)
 u - a wand of random effects (38)
 v - a wand of flame (24)
 A - a wand of digging (7)
Scrolls
 e - 4 scrolls of identify
 h - 2 scrolls of magic mapping
 j - 3 scrolls of amnesia
 l - 6 scrolls of remove curse
 B - a scroll of enchant weapon
Potions
 c - a potion of might
 d - 3 potions of brilliance
 k - a potion of cancellation
 m - a potion of stabbing
 q - a potion of mutation
Miscellaneous
 n - a tin of tremorstones (3/3)


   Skills:
 + Level 8.1 Fighting
 + Level 11.3 Polearms
 - Level 5.0 Throwing
 + Level 8.0 Armour
 + Level 4.4 Dodging
 + Level 4.9 Stealth
 + Level 5.6 Shields
 + Level 7.0 Invocations
 + Level 2.1 Evocations


You had 11 spell levels left.
You didn't know any spells.
Your spell library was empty.

Dungeon Overview and Level Annotations

Branches:
Dungeon (11/15)            Temple (0/1) D:5            Lair (0/6) D:10
    Orc: D:9-12

Altars:
Dithmenos
Fedhas
Kikubaaqudgha
Ru
Sif Muna

Shops:
D:10 [*(

Portals:
Abyss: D:4

Annotations:
D:4 2 transporters, Sweetruy1997's ghost, novice PaBe
D:6 exclusion: oklob plant
D:8 exclusion: oklob plant
D:9 2 runed translucent doors, exclusion: orange crystal statue
D:11 Snorg


Innate Abilities, Weirdness & Mutations

You cannot be hasted, slowed, berserked, paralysed or teleported.
You can dig through walls and to a lower floor.
Your four strong arms can wield two-handed weapons with a shield.
You have a pair of large antennae on your head. (SInv)


Message History

Okay, then.
Okay, then.
Fire/throw which item? (* to show all) (? for menu, Esc to quit)
Okay, then.
Okay, then.
As you read the scroll labeled CUDWOTT KIUS, it crumbles to dust.
Your body is wracked with pain!
* * * LOW HITPOINT WARNING * * *
Snorg convulses!
It was a scroll of torment.
Snorg closely misses you. You block Snorg's attack. Snorg closely misses you.
Snorg bites you.
* * * LOW HITPOINT WARNING * * *
Snorg claws you but does no damage. Snorg claws you!
* * * LOW HITPOINT WARNING * * *
You feel better. Snorg bites you!
* * * LOW HITPOINT WARNING * * *
Snorg claws you but does no damage. You block Snorg's attack.
You feel better. Snorg closely misses you. Snorg claws you!
* * * LOW HITPOINT WARNING * * *
Snorg claws you!
You die...

############
#.T........######
#@# ###.#........
#.# #............
#.###.##.#.######
#.....##.#.#
#.######.#.# #.#
####.#.#
#.###....#.#
#.##...###.# #
#....†.....# #


You could see Snorg (berserk).

Vanquished Creatures
  3 two-headed ogres
  Erica (D:9)
  Nergalle (D:10)
  An unseen horror (D:10)
  A deep elf archer (D:8)
  A cyclops (D:8)
  An ugly thing (D:10)
  A komodo dragon (D:10)
  A troll (D:10)
  Prince Ribbit (D:7)
  5 yaks (D:9)
  Grum (D:8)
  A steam dragon (D:8)
  4 vampire mosquitoes (D:10)
  2 orc warriors (D:6)
  Duvessa (D:6)
  3 ice beasts
  A black bear (D:8)
  3 necrophages
  2 ogres
  A phantom (D:11)
  5 centaurs
  3 wolves (D:7)
  A big kobold (D:8)
  4 bullfrogs
  Dowan (D:6)
  2 scorpions (D:8)
  A wyvern skeleton (D:10)
  22 killer bees
  2 howler monkeys (D:10)
  6 wights
  A human zombie (D:4)
  A quasit (D:9)
  7 jellies
  2 centaur skeletons
  2 bullfrog zombies
  6 hounds
  A bullfrog skeleton (D:5)
  6 orc priests
  Crazy Yiuf (D:7)
  4 orc wizards
  An iguana (D:10)
  A worker ant (D:10)
  Natasha (thrice) (D:4)
  A killer bee zombie (D:5)
  3 hound skeletons
  A mummy (D:10)
  2 worker ant zombies
  2 gnolls (D:9)
  7 adders
  4 shadow imps
  A white imp (D:5)
  An ufetubus (D:9)
  14 oozes (D:8)
  An adder skeleton (D:9)
  3 worms (D:3)
  4 dart slugs
  4 leopard geckos
  41 orcs
  2 ball pythons (D:1)
  4 bats
  6 giant cockroaches
  9 goblins
  8 hobgoblins
  10 jackals
  3 quokkas
  7 frilled lizards
  17 kobolds
  A quokka skeleton (D:5)
  8 rats
283 creatures vanquished.

Vanquished Creatures (others)
  An adder (D:9)
  7 fungi (D:8)
  3 withered plants (D:10)
11 creatures vanquished.

Grand Total: 294 creatures vanquished

Notes
Turn   | Place    | Note
-------+----------+-------------------------------------------
     0 | Abyss:1  | marklar909 the Formicid Abyssal Knight began the quest for
                  | the Orb.
     0 | Abyss:1  | Reached XP level 1. HP: 18/18 MP: 2/2
     2 | Abyss:1  | Found a corrupted altar of Lugonu.
    33 | Abyss:1  | Noticed a ynoxinul
    74 | Abyss:1  | Noticed an ancient zyme
    79 | Abyss:1  | Noticed a quasit
    80 | D:1      | Escaped the Abyss
   260 | D:1      | Reached XP level 2. HP: 24/24 MP: 3/3
   531 | D:1      | Reached * piety under Lugonu
   677 | D:1      | Reached XP level 3. HP: 30/30 MP: 4/4
   680 | D:1      | Reached skill level 1 in Throwing
  1070 | D:2      | Reached skill level 1 in Dodging
  1505 | D:2      | Found a shadowy altar of Dithmenos.
  1633 | D:2      | Reached XP level 4. HP: 36/37 MP: 5/5
  1849 | D:2      | Found an ancient bone altar of Kikubaaqudgha.
  1850 | D:2      | Found a shimmering blue altar of Sif Muna.
  2214 | D:3      | Reached ** piety under Lugonu
  2237 | D:3      | Reached XP level 5. HP: 10/42 MP: 6/6
  2491 | D:3      | Reached skill level 3 in Polearms
  2724 | D:3      | Reached skill level 1 in Stealth
  3210 | D:4      | Found a sand-covered staircase.
  3236 | D:4      | Noticed an ogre
  3355 | D:3      | HP: 2/42 [orc priest/+0 club (1)]
  3371 | D:3      | Reached XP level 6. HP: 15/48 MP: 7/7
  3949 | D:3      | Killed an ogre
  4330 | D:3      | Reached skill level 4 in Polearms
  4417 | D:4      | Reached XP level 7. HP: 39/54 MP: 8/8
  4584 | D:4      | Noticed Natasha
  4587 | D:4      | Killed Natasha
  4682 | D:4      | Noticed Sweetruy1997's ghost (novice PaBe)
  4696 | D:4      | Found a one-way gate to the infinite horrors of the Abyss.
  4697 | D:4      | Noticed an ancient zyme
  4701 | D:4      | Found a transporter.
  4702 | D:4      | Found a transporter.
  4845 | D:4      | Noticed Natasha
  4851 | D:4      | Killed Natasha
  4883 | D:4      | Noticed Natasha
  4906 | D:4      | Killed Natasha
  5018 | D:5      | Entered Level 5 of the Dungeon
  5248 | D:5      | Found a staircase to the Ecumenical Temple.
  5795 | D:6      | Reached skill level 5 in Polearms
  5859 | D:6      | Reached XP level 8. HP: 33/61 MP: 9/9
  6644 | D:6      | Identified the ring "Ycves" {+Fly Dex+6}
  6934 | D:6      | Reached *** piety under Lugonu
  7053 | D:6      | Found a blossoming altar of Fedhas.
  7074 | D:6      | Noticed an oklob plant
  7144 | D:6      | Reached skill level 5 in Armour
  7415 | D:6      | Identified the +1 ring mail of Fortification {rCorr Str+3}
  7417 | D:6      | Noticed Duvessa
  7417 | D:6      | Noticed Dowan
  8006 | D:6      | Killed Duvessa
  8019 | D:6      | Killed Dowan
  8019 | D:6      | Reached skill level 6 in Polearms
  8909 | D:7      | Found a runed translucent door.
  8910 | D:7      | Noticed Crazy Yiuf
  9420 | D:7      | Reached skill level 5 in Fighting
  9427 | D:7      | Reached XP level 9. HP: 56/68 MP: 10/10
  9719 | D:7      | Noticed Prince Ribbit
  9725 | D:7      | Killed Prince Ribbit
  9725 | D:7      | Reached skill level 1 in Shields
 10054 | D:7      | Killed Crazy Yiuf
 10256 | D:7      | HP: 2/68 [killer bee (4)]
 10266 | D:7      | Reached skill level 7 in Polearms
 11132 | D:8      | Reached skill level 1 in Evocations
 11421 | D:8      | Found a sacrificial altar of Ru.
 11717 | D:8      | Noticed a cyclops
 11737 | D:8      | Killed a cyclops
 11737 | D:8      | Reached XP level 10. HP: 56/76 MP: 11/11
 12200 | D:8      | Noticed Grum
 12449 | D:7      | Reached skill level 8 in Polearms
 13098 | D:8      | Killed Grum
 13268 | D:8      | Reached **** piety under Lugonu
 13334 | D:8      | Noticed a deep elf archer
 13350 | D:8      | HP: 2/77 [deep elf archer/arrow (8)]
 13356 | D:8      | Killed a deep elf archer
 13912 | D:8      | Noticed an oklob plant
 14135 | D:9      | Noticed a two-headed ogre
 14156 | D:9      | Killed a two-headed ogre
 14156 | D:9      | Reached skill level 9 in Polearms
 14156 | D:9      | Reached skill level 5 in Throwing
 14217 | D:9      | Found a runed translucent door.
 14223 | D:9      | Found the +1 cloak of Starlight {rElec rC+ EV+4 Stlth--}
 14230 | D:9      | Found a runed translucent door.
 14242 | D:9      | Found a runed translucent door.
 14250 | D:9      | Noticed a two-headed ogre
 14637 | D:9      | Reached skill level 5 in Invocations
 14661 | D:9      | Reached XP level 11. HP: 65/83 MP: 14/14
 15105 | D:9      | Found a runed translucent door.
 15180 | D:9      | Killed a two-headed ogre
 15180 | D:9      | Reached skill level 10 in Polearms
 15218 | D:9      | Noticed Erica
 15241 | D:9      | Killed Erica
 15908 | D:9      | Noticed an orange crystal statue
 16060 | D:10     | Entered Level 10 of the Dungeon
 16060 | D:10     | Found Inakoimnivisk's Assorted Antiques.
 16067 | D:10     | Bought a transparent lapis lazuli ring for 110 gold pieces
 16067 | D:10     | Bought a scroll of enchant weapon for 165 gold pieces
 16067 | D:10     | Bought a scroll labeled SONTOTI OTOVU for 22 gold pieces
 16086 | D:10     | Reached skill level 5 in Shields
 16306 | D:10     | Found Zoack's Weapon Shoppe.
 16314 | D:10     | Bought 9 poisoned darts for 43 gold pieces
 16314 | D:10     | Noticed Nergalle
 16343 | D:10     | Killed Nergalle
 16633 | D:10     | Found a staircase to the Lair.
 16850 | D:10     | Noticed an unseen horror
 16857 | D:10     | Killed an unseen horror
 16914 | D:10     | Noticed a two-headed ogre
 16929 | D:10     | Killed a two-headed ogre
 17109 | D:10     | Reached skill level 11 in Polearms
 17112 | D:10     | Reached ***** piety under Lugonu
 17215 | D:10     | Reached XP level 12. HP: 91/91 MP: 17/17
 17260 | D:10     | Found Zacylirhuu's Armour Boutique.
 17660 | D:10     | Bought a +0 pair of boots for 54 gold pieces
 17660 | D:10     | Bought a +0 pair of gloves for 54 gold pieces
 18053 | D:11     | Noticed Snorg
 18061 | D:11     | HP: 2/92 [Snorg (15)]
 18062 | D:11     | Mangled by Snorg

Illustrated notes

Levels and vault maps discovered:
D:1:      dpeg_arrival_rhombus, layout_loops_cross
D:2:      layout_basic, lemuel_coloured_pillars_altar,
          gammafunk_temple_overflow_statue
D:3:      minmay_spotlight, layout_loops_cross
D:4:      layout_rooms, gammafunk_ghost_abyssal_escape, enter_ossuary_3,
          uniq_natasha
D:5:      layout_rooms, temple_green
D:6:      layout_cave_pods, tgw_fedhas, uniq_duvessa
D:7:      layout_gridville, uniq_prince_ribbit1, uniq_crazy_yiuf_cottage
D:8:      lemuel_slime, layout_loops_ring, nicolae_ru_sacrificial_ziggurat,
          kennysheep_just_a_vault, uniq_grum
D:9:      layout_roguey, enter_bailey_7, minmay_statue_crystal_thing, uniq_erica
D:10:     layout_roguey, lair_entry_dummy, serial_shops, shop, shop,
          nicolae_shop_stone, serial_undead, serial_undead_b, serial_undead_f,
          serial_undead_e, serial_undead_e, uniq_nergalle
D:11:     layout_loops_ring, erik_orc_1, serial_shops, shop,
          minmay_protected_statue, uniq_erolcha, uniq_snorg

Skill      XL: |  1  2  3  4  5  6  7  8  9 10 11 12 |
---------------+-------------------------------------+-----
Throwing       | 1 2 3 4 5 |  5.0
Dodging        | 1 2 3 4 |  4.4
Polearms       | 3 4 5 6 7 9 11 | 11.3
Stealth        | 1 2 3 4 |  4.9
Fighting       | 4 5 6 7 8 |  8.1
Armour         | 3 4 5 6 7 8 |  8.0
Shields        | 4 5 |  5.6
Evocations     | 2 |  2.1
Invocations    | 5 7 |  7.0

Action                   |  1- 3 |  4- 6 |  7- 9 | 10-12 || total
-------------------------+-------+-------+-------+-------++-------
Melee: Spear             |   106 |    48 |       |       ||   154
       Trident           |       |   126 |   331 |   555 ||  1012
Throw: Dart              |    38 |    86 |    44 |    18 ||   186
Invok: Depart the Abyss  |     1 |       |       |       ||     1
 Abil: Dig               |       |     1 |     4 |     2 ||     7
Evoke: Wand              |       |       |    20 |     1 ||    21
  Use: Potion            |       |     1 |     5 |     3 ||     9
       Scroll            |       |       |    10 |     7 ||    17
 Stab: Invisible         |       |       |     3 |     1 ||     4
       Sleeping          |       |       |       |     9 ||     9
       Distracted        |       |       |       |     1 ||     1
Armor: Leather armour    |    25 |     3 |       |       ||    28
       Ring mail         |       |    44 |   115 |   123 ||   282
Dodge: Dodged            |    56 |    77 |   228 |   227 ||   588
Block: Buckler           |       |       |       |    99 ||    99

Table legend: (Time is in decaauts)
 A = Elapsed time spent in this place.
 B = Non-inter-level travel time spent in this place.
 C = Inter-level travel time spent in this place.
 D = Time resting spent in this place.
 E = Time spent auto-exploring this place.
 F = Levels seen in this place.
 G = Mean time per level.
                   A        B        C        D        E       F      G
               +--------+--------+--------+--------+--------+-----+--------+
         Total |  17978 |  17086 |    892 |   6244 |   8193 |  12 | 1498.2 |
       Dungeon |  17898 |  17006 |    892 |   6244 |   8126 |  11 | 1627.1 |
         Abyss |     80 |     80 |      0 |      0 |     67 |   1 |   80.0 |
               +--------+--------+--------+--------+--------+-----+--------+

Top non-repeatable levels by time:
     D:7: 2970 daAuts
     D:6: 2616 daAuts
     D:8: 2576 daAuts
     D:3: 2021 daAuts
    D:10: 1805 daAuts
     D:9: 1630 daAuts
     D:2: 1234 daAuts
     D:5: 1206 daAuts
     D:1: 955 daAuts
     D:4: 737 daAuts
    D:11: 145 daAuts
 Abyss:1: 80 daAuts
